Map: Disco Bloodbath LE

Players

Ziggy - Winner!

  • Race: Terran Terran
  • Spawn Location: 3:00

Taldan

  • Race: Protoss Protoss
  • Spawn Location: 9:00

VOD

Have the link to the VOD?

Description

Time

  • Played on: Sept. 6, 2019, 1:42 p.m.
  • Length: 3:27
Show
View Real Time Build Order
Export as new Build Order

Ziggy Terran - Winner!

Build Orders: 1/1/1 

Get SALT Encoding   

  12  0:00  SCV  
  13  0:12  SCV  
  14  0:16  Supply Depot  
  14  0:24  SCV  
  15  0:29  Refinery  
  15  0:38  SCV  
  16  0:45  Barracks  
  16  0:54  Supply Depot  
  16  0:59  SCV  
  17  1:11  SCV  
  18  1:31  Marine  
  19  1:33  Bunker  
  19  1:34  Factory  
  19  1:46  Supply Depot  
  19  1:49  Marine  
  20  1:59  Orbital Command  
  20  2:01  Refinery  
  20  2:07  Marine  
  21  2:19  Factory Tech Lab  
  21  2:24  Starport  
  21  2:28  Marine  
  22  2:41  Supply Depot  
  22  2:46  Marine  
  23  3:04  Marine  
  24  3:08  SCV  
Show
View Real Time Build Order
Export as new Build Order

Taldan Protoss 

Build Orders:  

Get SALT Encoding   

  12  0:00  Probe  
  13  0:12  Probe  
  14  0:17  Pylon  
  14  0:25  Probe  
  15  0:36  Forge  
  15  0:39  Probe  
  16  1:01  Pylon  
  16  1:22  Photon Cannon  
  16  1:24  Gateway  
  16  1:26  Photon Cannon, Probe  
  17  1:35  Probe  
  18  1:40  Assimilator  
  18  1:43  Probe  
  18  1:52  Probe, Assimilator  
  19  2:02  Zealot  
  19  2:04  Probe  
  20  2:13  Cybernetics Core  
  22  2:16  Probe  
  23  2:32  Pylon  
  23  2:36  Probe  
  24  2:48  Probe  
  23  3:01  Stargate  
  25  3:06  Photon Cannon  
  25  3:16  Photon Cannon  
  23  3:22  Photon Cannon  
  23  3:24  Shield Battery  
Tags
 
Matchup
PvT
Opening
1/1/1
Player
Ziggy
Spawn Locations
Cross Positions
Add a new tag
Caveats
  • Supply blocks, unpowered buildings, or Contaminate may cause inaccurate times.
  • Supply counts are checked every 10 seconds.